 Dungeon Crawl Stone Soup version 0.31-a0-175-g9f7f995f2b (webtiles) character file.

Game seed: 14857622145338664709

471 qw the Chopper (level 7, -10/43 HPs)
             Began as a Gargoyle Fighter on June 16, 2023.
             Killed by divine providence
             ... invoked by an orc priest
              (17 damage)
             ... on level 4 of the Dungeon.
             The game lasted 00:01:39 (2718 turns).

qw the Chopper (Gargoyle Fighter)                   Turns: 2718, Time: 00:01:39

Health: -10/43     AC: 13    Str: 22    XL:     7   Next: 9%
Magic:  7/7        EV: 13    Int:  8    God:
Gold:   304        SH:  5    Dex: 15    Spells: 6/6 levels left

rFire   . . .        Y - +1 war axe
rCold   . . .        c - +0 buckler
rNeg    + . .        a - +0 chain mail
rPois   inf          (no helmet)
rElec   +            (no cloak)
rCorr   .            (no gloves)
SInv    .            (no boots)
Will    .....        (no amulet) Stlth
                     j - +5 ring of evasion
HPRegen 0.27/turn    m - +6 ring of dexterity
MPRegen 0.10/turn

%: no passive effects
@: no status effects
A: sickness immunity, AC +4, negative energy resistance 1, electricity
resistance, torment resistance 1, petrification resistance
a: no special abilities


You were on level 4 of the Dungeon.
You visited 1 branch of the dungeon, and saw 4 of its levels.

You collected 304 gold pieces.


Innate Abilities, Weirdness & Mutations

You are immune to sickness and miasma.
Your stone body is resilient. (AC +4)
You are immune to poison.
You resist negative energy. (rN+)
You are resistant to electric shocks. (rElec)
You are resistant to unholy torment.
You are immune to petrification.


   Skills:
 - Level 4.1 Fighting
 + Level 6.0 Axes
 - Level 3.2 Armour
 - Level 1.7 Dodging
 - Level 3.2 Shields


You had 6 spell levels left.
You didn't know any spells.
Your spell library was empty.

Inventory:

Hand Weapons
 i - a +0 flail
 Y - a +1 war axe (weapon)
Armour
 a - a +0 chain mail (worn)
 c - a +0 buckler (worn)
 e - a +0 tower shield
Jewellery
 j - a +5 ring of evasion (left hand)
 m - a +6 ring of dexterity (right hand)
Scrolls
 b - a scroll of teleportation {unknown}
 k - a scroll of identify
Potions
 d - a potion of might
 f - a potion of haste
 h - a potion of heal wounds {unknown}
 l - a potion of lignification {unknown}
 o - a potion of curing {unknown}

Dungeon Overview and Level Annotations

Branches:
Dungeon (4/15)
 Temple: D:4-7

Altars:
Makhleb
Nemelex Xobeh

Annotations:
D:3 1 runed translucent door, qw's ghost, amateur GrFi


Message History

Enter note:
Enter note:
Enter note:
2711 ||| Stepping ~*~*~tactically~*~*~ (hiding).
You hear a shout!
An orc comes into view.
It is wielding a +0 dagger of protection.
Enter note:
Enter note:
Enter note:
Enter note:
Enter note:
Enter note:
Enter note:
Enter note:
Enter note:
Enter note:
Enter note:
Enter note: You closely miss the orc priest.
An orc priest comes into view.
It is wielding a +0 mace and wearing a +1 leather armour of fire resistance.
You block the orc priest's attack.
An orc comes into view. It is wielding a +0 flail.
You completely miss the orc priest.
The orc shouts!
The orc priest invokes the aid of Beogh against you.
Beogh smites you!
You hit the orc warrior but do no damage.
The orc warrior hits you with a +1 flail of protection!
You closely miss the orc warrior. You barely miss the orc priest.
You hit the orc warrior but do no damage.
You block the orc priest's attack. The orc warrior barely misses you.
You slash the orc priest!
The orc priest is almost dead.
You hit the orc. You hit the orc warrior.
The orc warrior hits you but does no damage.
The orc misses you.
The orc priest calls down the wrath of Beogh upon you.
Beogh smites you!
You die...

#............#...##...#.#.#.#..
##............#...##.......#....
.........).....#...##............
...............#...##.:..........
...................###...........
...................# #...........
...................###...........
.....##...###..................##
#####.....# ####@o..............#
#....## #oo............... ......
.oo................ ......
#....?.#####)........ ......
#......# ....##.. ......<.. #..
........... #.. ...........# #..
#..


You could see an orc warrior, 2 orc priests and 2 orcs.

Vanquished Creatures
  Sigmund (D:2)
  A centaur (D:4)
  Jessica (D:3)
  Natasha (thrice) (D:3)
  Terence (D:3)
  2 adders
  An ufetubus (D:4)
  4 worms
  3 endoplasms
  2 giant cockroaches
  9 goblins
  2 hobgoblins
  7 jackals
  2 quokkas
  9 ball pythons
  9 bats
  3 frilled lizards
  5 kobolds
  21 rats
86 creatures vanquished.

Notes
Turn   | Place    | Note
-------+----------+-------------------------------------------
     0 | D:1      | qw the Gargoyle Fighter began the quest for the Orb.
     0 | D:1      | Reached XP level 1. HP: 14/14 MP: 1/1
     0 | D:1      | 0 ||| qw: Version: 0.2-a-29-g511e9b1
     0 | D:1      | 0 ||| qw: Game counter: 5944
     0 | D:1      | 0 ||| qw: Always use a shield: true
     0 | D:1      | 0 ||| qw: God list: Okawaru
     0 | D:1      | 0 ||| qw: Allow faded altars: false
     0 | D:1      | 0 ||| qw: Do Orc after D:15 true
     0 | D:1      | 0 ||| qw: Do second Lair branch before Depths: true
     0 | D:1      | 0 ||| qw: Lair rune preference: random
     0 | D:1      | 0 ||| qw: Plans: Normal, Zot:1-4, Slime:5, God:TSO, Crypt,
                  | Tomb, Abyss, Pan, Hells, Win
     0 | D:1      | 0 ||| PLANNING D:1-11
   200 | D:1      | Reached skill level 2 in Axes
   284 | D:1      | 284 ||| Stepping ~*~*~tactically~*~*~ (stealth).
   290 | D:1      | 290 ||| Stepping ~*~*~tactically~*~*~ (stealth).
   291 | D:1      | 291 ||| Stepping ~*~*~tactically~*~*~ (stealth).
   294 | D:1      | Reached XP level 2. HP: 16/19 MP: 2/2
   296 | D:1      | 296 ||| FLEEEEING.
   297 | D:1      | 297 ||| FLEEEEING.
   298 | D:1      | 298 ||| FLEEEEING.
   299 | D:1      | 299 ||| FLEEEEING.
   300 | D:1      | 300 ||| FLEEEEING.
   408 | D:1      | 408 ||| Stepping ~*~*~tactically~*~*~ (stealth).
   412 | D:1      | 412 ||| Stepping ~*~*~tactically~*~*~ (stealth).
   414 | D:1      | 414 ||| Stepping ~*~*~tactically~*~*~ (stealth).
   434 | D:1      | 434 ||| UPGRADING to +5 ring of evasion.
   435 | D:1      | 435 ||| READING scroll labelled WOXIUZ GINESS.
   436 | D:1      | 436 ||| READING scroll labelled HAMIAPI DOURUE.
   437 | D:1      | 437 ||| READING scroll labelled OPSECEUSTATHE.
   438 | D:1      | 438 ||| READING scroll labelled HUTAMI VAIQOP.
   439 | D:1      | 439 ||| READING scroll labelled XIYGOGGU JEDO.
   440 | D:1      | 440 ||| READING scroll labelled ESUMMA MUYGIAKK.
   441 | D:1      | 441 ||| READING scroll labelled OHEP FOPEKE.
   492 | D:2      | Reached skill level 3 in Axes
   495 | D:2      | Reached XP level 3. HP: 23/23 MP: 3/3
   618 | D:2      | 618 ||| Stepping ~*~*~tactically~*~*~ (stealth).
   631 | D:2      | Noticed Sigmund
   637 | D:2      | Killed Sigmund
   638 | D:2      | Reached skill level 5 in Axes
   638 | D:2      | Reached XP level 4. HP: 28/28 MP: 4/4
   638 | D:2      | Reached XP level 5. HP: 32/32 MP: 5/5
   638 | D:2      | 638 ||| DROPPING +0 club.
   713 | D:2      | 713 ||| Stepping ~*~*~tactically~*~*~ (hiding).
   954 | D:2      | 954 ||| Stepping ~*~*~tactically~*~*~ (hiding).
  1067 | D:2      | 1067 ||| Stepping ~*~*~tactically~*~*~ (stealth).
  1515 | D:2      | Reached XP level 6. HP: 35/38 MP: 6/6
  1557 | D:2      | 1557 ||| UPGRADING to +0 chain mail.
  1567 | D:2      | 1567 ||| DROPPING +0 scale mail.
  1568 | D:2      | 1568 ||| READING scroll labelled EMAFES ZIME.
  1686 | D:3      | 1686 ||| Stepping ~*~*~tactically~*~*~ (stealth).
  1747 | D:3      | Found a sparkling altar of Nemelex Xobeh.
  1767 | D:3      | 1767 ||| Stepping ~*~*~tactically~*~*~ (stealth).
  1773 | D:3      | 1773 ||| Stepping ~*~*~tactically~*~*~ (stealth).
  1777 | D:3      | 1777 ||| Stepping ~*~*~tactically~*~*~ (stealth).
  1796 | D:3      | Noticed Jessica
  1797 | D:3      | 1797 ||| Stepping ~*~*~tactically~*~*~ (hiding).
  1798 | D:3      | 1798 ||| Stepping ~*~*~tactically~*~*~ (hiding).
  1799 | D:3      | 1799 ||| Stepping ~*~*~tactically~*~*~ (hiding).
  1800 | D:3      | 1800 ||| Stepping ~*~*~tactically~*~*~ (hiding).
  1802 | D:3      | 1802 ||| Stepping ~*~*~tactically~*~*~ (hiding).
  1810 | D:3      | 1810 ||| Stepping ~*~*~tactically~*~*~ (stealth).
  1812 | D:3      | Killed Jessica
  1841 | D:3      | Noticed Natasha
  1842 | D:3      | 1842 ||| FLEEEEING.
  1843 | D:3      | 1843 ||| FLEEEEING.
  1844 | D:3      | 1844 ||| FLEEEEING.
  1845 | D:3      | 1845 ||| FLEEEEING.
  1846 | D:3      | 1846 ||| FLEEEEING.
  1847 | D:3      | 1847 ||| FLEEEEING.
  1853 | D:3      | HP: 4/38 [Natasha/magic dart (8)]
  1859 | D:3      | HP: 4/38 [Natasha (3)]
  1860 | D:3      | Killed Natasha
  1864 | D:3      | HP: 2/38 [kobold/+0 dagger (2)]
  2001 | D:3      | Noticed Terence
  2002 | D:3      | 2002 ||| Stepping ~*~*~tactically~*~*~ (stealth).
  2023 | D:3      | Killed Terence
  2086 | D:3      | 2086 ||| DROPPING +0 mace.
  2156 | D:3      | Noticed Natasha
  2165 | D:3      | Killed Natasha
  2249 | D:3      | Noticed Natasha
  2250 | D:3      | 2250 ||| Stepping ~*~*~tactically~*~*~ (hiding).
  2262 | D:3      | Killed Natasha
  2263 | D:3      | Reached skill level 6 in Axes
  2401 | D:3      | Found a runed translucent door.
  2403 | D:3      | Noticed qw's ghost (amateur GrFi)
  2405 | D:3      | 2405 ||| DROPPING ring of flight.
  2406 | D:3      | 2406 ||| UPGRADING to +6 ring of dexterity.
  2407 | D:3      | 2407 ||| READING scroll labelled TEAJAQ GUKKUDO.
  2408 | D:3      | 2408 ||| READING scroll labelled SIUKEI REZUBILYDU.
  2409 | D:3      | 2409 ||| READING 2 scrolls of identify.
  2409 | D:3      | 2409 ||| IDENTIFYING purple potion
  2459 | D:4      | Found a burning altar of Makhleb.
  2584 | D:4      | Reached skill level 1 in Dodging
  2584 | D:4      | Reached XP level 7. HP: 34/43 MP: 7/7
  2711 | D:4      | 2711 ||| Stepping ~*~*~tactically~*~*~ (hiding).
  2715 | D:4      | HP: 6/43 [orc warrior/+1 flail of protection (12)]
  2718 | D:4      | Killed from afar by an orc priest

Levels and vault maps discovered:
D:1:      dpeg_arrival_water_temple_mockup, layout_rooms,
          minmay_shallow_snake_nest
D:2:      layout_basic, minmay_rat_hole, uniq_sigmund
D:3:      layout_rooms, mainiacjoe_overflow_24_doors, ebering_ghost_sewer_d,
          nrook_campfire, uniq_terence, uniq_natasha, uniq_jessica
D:4:      layout_basic, nicolae_kikubaaqudgha_miasma_corner, bloody_makhleb

Skill      XL: |  1  2  3  4  5  6 |
---------------+-------------------+-----
Axes           | 2 3 5 6 |  6.0
Fighting       | 4 |  4.1
Dodging        | 1 |  1.7
Armour         | |  3.2
Shields        | |  3.2

Action                     |  1- 3 |  4- 6 |  7- 9 || total
---------------------------+-------+-------+-------++-------
  Melee: War axe           |    60 |   170 |    13 ||   243
    Use: Scroll            |     7 |     4 |       ||    11
 Armour: Scale mail        |    17 |    17 |       ||    34
         Chain mail        |       |    33 |     3 ||    36
  Dodge: Dodged            |    38 |   119 |     4 ||   161
  Block: Buckler           |    11 |    32 |     2 ||    45

Table legend:
 A = Non-vault XP
 B = Vault XP
 C = Vault XP percentage of total XP
 D = Non-vault monster count
 E = Vault monster count
 F = Vault count percentage of total count
                 A         B        C        D         E       F
            +---------+---------+-------+---------+---------+-------
      Total |     315 |     359 |  53.3 |      61 |      25 |  29.1
            +---------+---------+-------+---------+---------+-------
        D:1 |      19 |       3 |  13.6 |      12 |       2 |  14.3
        D:2 |      49 |     251 |  83.7 |      18 |      20 |  52.6
        D:3 |     121 |     105 |  46.5 |      24 |       3 |  11.1
        D:4 |     126 |       0 |   0.0 |       7 |       0 |   0.0
            +---------+---------+-------+---------+---------+-------
